woodfighter, neutral female scurrid Tourist ----- #@)#)....| oo#|...| o#..<.- |...| ..?.| |...| ----- woodfighter the Sightseer Experience level: 3 Strength: 10 Dexterity: 15 Constitution: 14 Intelligence: 13 Wisdom: 11 Charisma: 12 Health: 0(22) Energy: 12(12) Def: 0 Gold: 65 Moves: 1132 Dungeon seed: 4QB6xs6M9JTZsP30 Game ID: woodfighter_1525672170 Your Inventory: Coins $ - 65 gold pieces Weapons a - 34 +2 darts (in quiver) Armor e - an uncursed +0 Hawaiian shirt (being worn) n - an uncursed +0 pair of low boots Comestibles b - 3 uncursed tripe rations c - 9 uncursed food rations d - 4 uncursed fortune cookies f - 2 uncursed cream pies t - an uncursed lichen corpse D - an uncursed eucalyptus leaf Wands k - a wand of secret door detection (0:11) p - a wand of secret door detection (0:11) T - a wand of enlightenment (0:13) Tools i - an expensive camera (0:32) l - an uncursed leash s - an uncursed sack y - an uncursed credit card Contents of the sack: 471 gold pieces a [uncursed] scroll of identify 4 uncursed scrolls of magic mapping a [uncursed] scroll of remove curse a [uncursed] scroll of scare monster 2 uncursed potions of extra healing a [blessed] potion of gain level a [uncursed] potion of polymorph a [cursed] ring of aggravate monster Spells and supernatural/magical abilities: Name Level Category Fail Memory W - pray for help -- divine ? -- Your skills at the end: Miscellaneous Skills wands [Basic] Weapon Skills dart [Basic] Spellcasting Skills Final Attributes: You were devoutly aligned. You had infravision. You were very stealthy. You are dead. Vanquished creatures: a fog cloud a homunculus 2 iguanas a hobbit a gecko a yellow mold a red mold 5 garter snakes 4 jackals 4 newts 2 goblins 2 sewer rats a grid bug 2 lichens 3 kobold zombies 31 creatures vanquished. Voluntary challenges: You did not adorn yourself with jewelry or accessories. You did not cause conflict. You were not invisible. You did not have reflection. You were not displaced. You were an atheist. You never hit with a wielded weapon. You did not apply a unicorn horn. You did not use plumbed fixtures. You did not drink any magical draughts. You were illiterate. You never genocided any monsters. You never polymorphed an object. You never changed form. You used no wishes. You never split a pudding. You never wrote Elbereth's name. You never violated your personal moral code. Dungeon overview: The Dungeons of Doom: levels 1 to 5 Level 1 a long staircase Level 2 a general store, a fountain Level 3 stairs to The Gnomish Mines Level 4 Level 5 <- You were here The Gnomish Mines: Level 4 stairs to The Dungeons of Doom History has recorded: On T:1 you entered the Dungeons of Doom to retrieve the Amulet of Yendor! On T:118 you reached level 2 of The Dungeons of Doom. On T:395 you reached level 3 of The Dungeons of Doom. On T:603 you advanced to experience level 2. On T:658 you reached level 4 of The Dungeons of Doom. On T:728 you advanced to experience level 3. On T:758 you reached level 1 of The Gnomish Mines. On T:931 you reached level 5 of The Dungeons of Doom. Score breakdown: Gold: 382 ( 38 points) Experience: 3 levels ( 200 points) Exploration: 5 levels ( 120 points) Discoveries: 11 items ( 550 points) Variety of kills: 15 monsters ( 750 points) Major goal: (nothing yet) ( 0 points) Survival: died (score multiplied by 3) Total score: 4974 Latest messages: The hill orc wields a curved sword! The homunculus bites! The dart hits the hill orc. The dart hits the hill orc! The hill orc picks up a +2 dart. The hill orc wields a crude dagger! The hill orc swings his curved sword at you. The hill orc slashes you! The homunculus bites! The dart hits the homunculus. The dart hits the homunculus! The homunculus bites! You are put to sleep! Something is hit! Something is destroyed! You wake up. The dart hits the hill orc. The hill orc thrusts her crude dagger at you. The hill orc stabs you! You die... Final status: Aloha woodfighter the Tourist, killed by a hill orc... You died in The Dungeons of Doom on dungeon level 5 with 4974 points, and 536 pieces of gold, after 1132 moves. You were level 3 with a maximum of 22 hit points when you died.